 Dungeon Crawl Stone Soup version 0.26.0-16-gc1dbca0489 (console) character file.

Game seed: 15791554967842898221

25538 Garrluk the Thrower (level 12, -3/119 HPs)
             Began as a Troll Hunter on Jan 21, 2021.
             Was the Champion of Okawaru.
             Slain by a blink frog (19 damage)
             ... on level 4 of the Lair of Beasts.
             The game lasted 01:13:35 (7866 turns).

Garrluk the Thrower (Troll Hunter)                  Turns: 7866, Time: 01:13:36

Health: -3/119     AC: 17    Str: 23    XL:     12   Next: 90%
Magic:  17/17      EV: 10    Int:  7    God:    Okawaru [******]
Gold:   570        SH:  5    Dex: 14    Spells: 11/11 levels left

rFire    + . .     SeeInvis .     - Unarmed
rCold    . . .     Faith    .   (no shield)
rNeg     . . .     Spirit   .   C - +1 robe of Dramatic Exits {rPois rF+ Stlth+}
rPois    +         Reflect  +   H - +1 hat
rElec    .         Harm     .   m - +0 cloak
rCorr    .         Rampage  .   (gloves unavailable)
Will     .....                  (boots unavailable)
Stlth    ++........             l - amulet of reflection
HPRegen  0.69/turn              M - +4 ring of protection
MPRegen  0.15/turn              K - +4 ring of protection

@: no status effects
A: large, unfitting armour, claws 3, regeneration 1, shaggy fur 1, tough skin 3
a: Renounce Religion, Heroism, Finesse


You were on level 4 of the Lair of Beasts.
You worshipped Okawaru.
Okawaru was exalted by your worship.
You visited 3 branches of the dungeon, and saw 16 of its levels.

You collected 794 gold pieces.
You spent 224 gold pieces at shops.

Inventory:

Hand Weapons
 S - a +4 quick blade
Missiles
 c - 9 large rocks
 i - 26 poisoned darts (quivered)
 L - 10 atropa-tipped darts
 O - 4 javelins
 P - 3 boomerangs
Armour
 m - a +0 cloak (worn)
 B - +0 steam dragon scales
 C - the +1 robe of Dramatic Exits (worn) {rPois rF+ Stlth+}
   (Okawaru gifted it to you on level 8 of the Dungeon)

   It protects you from fire.
   It protects you from poison.
   It makes you more stealthy.
 H - a +1 hat (worn)
Magical Staves
 N - an uncursed staff of cold
Jewellery
 l - an amulet of reflection (around neck)
 D - a ring of the Octopus King {rCorr AC+1 EV+1 Str+1 Int+1 Dex+1}
   (You found it on level 8 of the Dungeon)

   [ring of resist corrosion]

   It affects your AC (+1).
   It affects your evasion (+1).
   It affects your strength (+1).
   It affects your intelligence (+1).
   It affects your dexterity (+1).
   It provides partial protection from all sources of acid and corrosion.
 K - a +4 ring of protection (right claw)
 M - a +4 ring of protection (left claw)
Wands
 b - a wand of digging (4)
 j - a wand of disintegration (5)
 s - a wand of polymorph (2)
 v - a wand of acid (14)
 G - a wand of paralysis (15)
 J - a wand of random effects (17)
Scrolls
 a - 4 scrolls of remove curse
 h - a scroll of noise {unknown}
 k - 7 scrolls of identify {unknown}
 n - a scroll of brand weapon {unknown}
 p - 3 scrolls of enchant weapon {unknown}
 q - 5 scrolls of teleportation
 r - 2 scrolls of magic mapping {unknown}
 t - a scroll of silence {unknown}
 w - a scroll of vulnerability {unknown}
 y - 6 scrolls of blinking {unknown}
 E - 2 scrolls of amnesia {unknown}
 R - a scroll of immolation {unknown}
Potions
 e - 4 potions of curing {unknown}
 f - 2 potions of haste {unknown}
 g - a potion of magic {unknown}
 o - a potion of degeneration {unknown}
 u - 2 potions of cancellation {unknown}
 x - 2 potions of heal wounds {unknown}
 z - a potion of might {unknown}
 A - 3 potions of lignification {unknown}
 F - 2 potions of flight {unknown}
 I - a potion of ambrosia {unknown}
 Q - a potion of brilliance {unknown}
Miscellaneous
 T - a phial of floods


   Skills:
 + Level 7.8 Fighting
 - Level 0.4 Short Blades
 * Level 13.7 Throwing
 - Level 1.5 Dodging
 - Level 0.3 Stealth
 - Level 10.1 Unarmed Combat
 + Level 8.1 Invocations


You had 11 spell levels left.
You didn't know any spells.
Your spell library contained the following spells:

 Spells                   Type           Power        Failure   Level
 Foxfire                  Conj/Fire      0%           43%         1
 Conjure Flame            Conj/Fire      0%           80%         3
 Inner Flame              Hex/Fire       0%           80%         3
 Sticky Flame             Conj/Fire      0%           99%         4
 Fireball                 Conj/Fire      0%           100%        5


Dungeon Overview and Level Annotations

Branches:
Dungeon (10/15)            Temple (1/1) D:5            Lair (5/6) D:10
  Snake (0/4) Lair:3          Orc (0/2) D:9
  Swamp: Lair:2-4    Shoals: Lair:2-4     Slime: Lair:5-6

Altars:
Ashenzari
Cheibriados
Dithmenos
Elyvilon
Fedhas
Gozag
Hepliaklqana
Kikubaaqudgha
Makhleb
Nemelex Xobeh
Okawaru
Qazlal
Ru
Sif Muna
Trog
Uskayaw
Vehumet
Wu Jian
Xom
Yredelemnul
Zin
The Shining One

Shops:
D:5 =   D:7 =   D:8 [   D:9 [(

Annotations:
D:7 2 transporters, tymek70's ghost, novice MiBe


Innate Abilities, Weirdness & Mutations

You are too large for most types of armour.
You have claws for hands.
Your natural rate of healing is unusually fast.
You are covered in fur. (AC +1)
You have extremely tough skin. (AC +3)


Message History

Press: ? - help, Q - select action, (/) - cycle Shift-Dir - straight line, f/p - blink frog
Aim: a blink frog (severely wounded)
You throw a poisoned dart. The poisoned dart hits the blink frog!
The blink frog is poisoned.
The blink frog is severely wounded.
Throw: 28 darts (poison)
Press: ? - help, Q - select action, (/) - cycle Shift-Dir - straight line, f/p - blink frog
Aim: a blink frog (almost dead, very poisoned)
You throw a poisoned dart. The poisoned dart hits the blink frog!
The blink frog looks as sick as possible!
The blink frog is almost dead.
Throw: 27 darts (poison)
Press: ? - help, Q - select action, (/) - cycle Shift-Dir - straight line, f/p - blink frog
Aim: a blink frog (almost dead, extremely poisoned)
You throw a poisoned dart. The poisoned dart hits the blink frog!
The blink frog looks as sick as possible!
The blink frog is almost dead.
The blink frog hits you!
* * * LOW HITPOINT WARNING * * *
The blink frog hits you!!
You die...

### ### #..## #.# #.####### ###..
..# ##....#.######.. ..#
########.......##.##.. ..##
#######.♣................#..
...###.##.....♣....♣......#......
..#.#...)÷..♣..(.........###.#...
......#.##..♣.♣.(...♣.....#.#####
..#..######....P.P.....##### #
####.# #.....F......# ###
#.....@P....## ## #
#.[..♣.....♣.## ##. #
##.........♣..#### #.. #
#...♣......♣..#.#####.. #
#######P.................
########.######.#.#.#...##.P....
##.##.#.P...#.#.........######...
.................###.##..# ##..
...###.###..#.##.# ##...## #..
.### ### ######### ###..# ### ##
### #.### #


You could see a blink frog (extremely poisoned).

Vanquished Creatures
  2 hydras (Lair:1)
  Fannar (Lair:1)
  2 two-headed ogres
  Pikel (D:7)
  An orc knight (D:8)
  An orc sorcerer (D:8)
  3 elephants (Lair:2)
  2 black mambas
  Psyche (D:9)
  Maggie (Lair:1)
  A centaur skeleton (D:10)
  3 cane toads
  5 komodo dragons
  A rime drake (Lair:1)
  2 trolls
  Prince Ribbit (D:8)
  2 polar bears (Lair:4)
  7 blink frogs
  Sigmund (D:5)
  A spriggan (Lair:4)
  A wyvern (Lair:4)
  A wraith (D:10)
  18 yaks
  4 fire bats (D:10)
  2 basilisks
  Grum (D:9)
  9 wargs (D:8)
  A hell hound (D:10)
  15 water moccasins
  A sky beast (D:8)
  3 ice beasts
  10 orc warriors
  2 black bears
  2 phantoms
  A necrophage (D:10)
  4 ogres
  21 wolves
  2 centaurs
  16 bullfrogs
  A big kobold (D:10)
  Blork the orc (D:5)
  2 scorpions
  A water moccasin skeleton (D:8)
  5 wights (D:6)
  2 lava snakes (D:10)
  2 bullfrog zombies
  A centaur zombie (D:8)
  4 hounds
  3 jellies
  8 orc priests
  2 bullfrog skeletons (D:6)
  5 orc wizards
  5 hell rats (Lair:4)
  4 worker ants
  A hound skeleton (D:6)
  A worker ant zombie (D:8)
  13 adders
  4 white imps
  4 ufetubi
  2 oozes
  An adder skeleton (D:4)
  An adder zombie (D:9)
  2 worms (D:2)
  A leopard gecko (D:10)
  53 orcs
  4 bats
  6 giant cockroaches
  6 goblins (D:4)
  3 hobgoblins
  A quokka (D:5)
  A frilled lizard (D:5)
  8 kobolds
311 creatures vanquished.

Vanquished Creatures (others)
  A fire vortex (D:10)
  9 fungi
  21 plants
31 creatures vanquished.

Grand Total: 342 creatures vanquished

Notes
Turn   | Place    | Note
-------+----------+-------------------------------------------
     0 | D:1      | Garrluk the Troll Hunter began the quest for the Orb.
     0 | D:1      | Reached XP level 1. HP: 19/19 MP: 0/0
   102 | D:2      | Reached XP level 2. HP: 11/28 MP: 1/1
   139 | D:2      | Reached skill level 4 in Throwing
   162 | D:2      | Reached XP level 3. HP: 28/35 MP: 2/2
   182 | D:2      | Reached skill level 1 in Unarmed Combat
   295 | D:4      | Found a shimmering blue altar of Sif Muna.
   490 | D:4      | Reached XP level 4. HP: 42/42 MP: 3/3
   813 | D:5      | Entered Level 5 of the Dungeon
   834 | D:5      | Reached XP level 5. HP: 48/49 MP: 4/4
   863 | D:5      | Found a broken altar of Ashenzari.
   924 | D:5      | Noticed Blork the orc
   939 | D:5      | Killed Blork the orc
   940 | D:5      | Reached skill level 5 in Throwing
   978 | D:5      | Noticed an ice beast
   989 | D:5      | Killed an ice beast
   990 | D:5      | Reached XP level 6. HP: 57/57 MP: 5/5
   994 | D:5      | Noticed Sigmund
  1005 | D:5      | Killed Sigmund
  1034 | D:5      | Noticed an ice beast
  1043 | D:5      | Killed an ice beast
  1044 | D:5      | Reached skill level 6 in Throwing
  1044 | D:5      | Reached XP level 7. HP: 38/63 MP: 6/6
  1073 | D:5      | Found a staircase to the Ecumenical Temple.
  1097 | Temple   | Entered the Ecumenical Temple
  1176 | Temple   | Became a worshipper of Warmaster Okawaru
  1335 | D:5      | Reached skill level 5 in Unarmed Combat
  1416 | D:5      | Found Zororph's Jewellery Boutique.
  1726 | D:6      | Reached * piety under Okawaru
  1727 | D:6      | Reached skill level 7 in Throwing
  1751 | D:6      | Reached XP level 8. HP: 72/72 MP: 7/7
  1947 | D:7      | Noticed Pikel
  1975 | D:7      | Killed Pikel
  1975 | D:7      | Reached ** piety under Okawaru
  1976 | D:7      | Reached skill level 8 in Throwing
  2043 | D:7      | Found Degelatye's Jewellery Emporium.
  2051 | D:7      | Bought a cursed amulet of inaccuracy for 28 gold pieces
  2065 | D:7      | Found a bloodstained altar of Trog.
  2065 | D:7      | Noticed tymek70's ghost (novice MiBe)
  2065 | D:7      | Noticed a moth of wrath
  2068 | D:7      | Found a transporter.
  2310 | D:7      | Found a transporter.
  2364 | D:8      | Reached XP level 9. HP: 70/79 MP: 8/8
  2393 | D:8      | Reached skill level 1 in Invocations
  2577 | D:8      | Noticed Prince Ribbit
  2581 | D:8      | Reached skill level 9 in Throwing
  2606 | D:8      | Found Jiboatuk's Antique Armour Shoppe.
  2606 | D:8      | Killed Prince Ribbit
  2606 | D:8      | Reached *** piety under Okawaru
  2672 | D:8      | Noticed a two-headed ogre
  2703 | D:8      | Killed a two-headed ogre
  2703 | D:8      | Reached **** piety under Okawaru
  2770 | D:8      | Reached XP level 10. HP: 48/91 MP: 11/11
  2806 | D:8      | Received a gift from Okawaru
  2959 | D:8      | Found a shadowy altar of Dithmenos.
  3052 | D:8      | Noticed an orc sorcerer
  3064 | D:8      | Noticed an orc knight
  3111 | D:8      | Killed an orc knight
  3166 | D:8      | Killed an orc sorcerer
  3166 | D:8      | Reached ***** piety under Okawaru
  3167 | D:8      | Reached skill level 10 in Throwing
  3196 | D:8      | Received a gift from Okawaru
  3197 | D:8      | Reached skill level 10 in Unarmed Combat
  3197 | D:8      | Got a heavy robe {god gift}
  3222 | D:8      | Identified the +1 robe of Dramatic Exits {rPois rF+ Stlth+}
                  | (Okawaru gifted it to you on level 8 of the Dungeon)
  3444 | D:8      | Found the ring of the Octopus King
  3459 | D:8      | Got a ring of the Octopus King
  3461 | D:8      | Identified a ring of the Octopus King {rCorr AC+1 EV+1
                  | Str+1 Int+1 Dex+1} (You found it on level 8 of the Dungeon)
  3779 | D:7      | Identified the +8 halberd of Inconvenience {antimagic, rF+
                  | rN++ Int-2 SInv}
  3779 | D:7      | Noticed a tengu warrior
  3982 | D:8      | Found a radiant altar of Vehumet.
  4051 | D:8      | Found a bloodstained altar of Trog.
  4132 | D:8      | Bought a glowing hat for 196 gold pieces
  4294 | D:9      | Noticed Grum
  4310 | D:9      | Killed Grum
  4340 | D:9      | Noticed Psyche
  4364 | D:9      | Killed Psyche
  4403 | D:9      | Reached XP level 11. HP: 98/101 MP: 10/13
  4527 | D:9      | Found Jeggeekuebb's Weapon Shoppe.
  4527 | D:9      | Found a staircase to the Orcish Mines.
  4555 | D:9      | Found Ahuvel's Armour Shoppe.
  4808 | D:10     | Entered Level 10 of the Dungeon
  4815 | D:10     | Noticed a two-headed ogre
  4827 | D:10     | Killed a two-headed ogre
  4828 | D:10     | Reached skill level 5 in Fighting
  4828 | D:10     | Reached skill level 11 in Throwing
  4828 | D:10     | Reached skill level 5 in Invocations
  5364 | D:10     | Received a gift from Okawaru
  5477 | D:10     | Found a staircase to the Lair.
  5497 | Lair:1   | Entered Level 1 of the Lair of Beasts
  5497 | Lair:1   | Noticed a six-headed hydra
  5501 | Lair:1   | HP: 2/104 [six-headed hydra (15)]
  5502 | Lair:1   | Killed a six-headed hydra
  5515 | Lair:1   | Noticed Fannar
  5667 | Lair:1   | Killed Fannar
  5667 | Lair:1   | Received a gift from Okawaru
  5777 | Lair:1   | Noticed Maggie
  5783 | Lair:1   | Killed Maggie
  5801 | Lair:1   | Reached skill level 12 in Throwing
  5820 | Lair:1   | Noticed a six-headed hydra
  5824 | Lair:1   | Killed a six-headed hydra
  5824 | Lair:1   | Received a gift from Okawaru
  5873 | Lair:2   | Received a gift from Okawaru
  5933 | Lair:2   | Received a gift from Okawaru
  5934 | Lair:2   | Reached XP level 12. HP: 115/115 MP: 15/15
  6357 | Lair:1   | Received a gift from Okawaru
  6793 | Lair:3   | Found a staircase to the Snake Pit.
  6868 | Lair:3   | Reached skill level 13 in Throwing
  7147 | Lair:4   | Reached ****** piety under Okawaru
  7426 | Lair:4   | Received a gift from Okawaru
  7776 | Lair:5   | Noticed a death yak
  7866 | Lair:4   | Slain by a blink frog

Illustrated notes

Levels and vault maps discovered:
D:1:      dpeg_arrival_tiny_f, layout_loops_corners, minmay_unequal
D:2:      layout_basic
D:3:      layout_loops_corners
D:4:      kennysheep_the_goblin_king, layout_basic, led_sif_pool
D:5:      layout_loops_ring, nicolae_ashenzari_panopticon,
          minmay_temple_entry_nine_rooms, serial_shops, shop,
          uniq_blork_the_orc, uniq_sigmund, uniq_ijyb
D:6:      minmay_general_purpose_star, layout_basic, minivault_25,
          grunt_dithmenos_smoke_and_mirrors
D:7:      layout_basic, serial_shops, shop, gammafunk_ghost_wrathful_warriors,
          uniq_pikel
D:8:      lemuel_castle_with_subvaults [lemuel_castle_interior_carwin_3],
          layout_layer_cave, kennysheep_mini, kennysheep_mini_moat,
          vehumet_crystals, serial_shops, shop_fountains, uniq_prince_ribbit1
D:9:      layout_cave_pods, orc_david_3, minmay_circle_x, uniq_grum, uniq_psyche
D:10:     layout_stronghold, david_lair_shrubbed, hangedman_incinerator
Temple:   minmay_temple_bridge_d
Lair:1:   layout_cave_pods, basic_altar, cheibrodos_lair_caveside_slide,
          grunt_megastairs_2, uniq_maggie, uniq_fannar
Lair:2:   layout_roguey
Lair:3:   layout_regular_city, minmay_snake_entry_six_corridors,
          serial_bayou_shore_b
Lair:4:   layout_roguey, elwin_shoals_entry_rooms, grunt_forest_stairs_clearing
Lair:5:   layout_regular_city, minmay_slime_entry_pillars

Skill      XL: |  1  2  3  4  5  6  7  8  9 10 11 12 |
---------------+-------------------------------------+-----
Throwing       | 4 5 6 7 8 9 10 12 13 | 13.7
Unarmed Combat | 1 2 3 4 6 8 9 10 | 10.1
Fighting       | 2 3 4 6 7 |  7.8
Invocations    | 2 4 6 8 |  8.1
Short Blades   | |  0.4
Dodging        | |  1.5
Stealth        | |  0.3

Action                   |  1- 3 |  4- 6 |  7- 9 | 10-12 || total
-------------------------+-------+-------+-------+-------++-------
Melee: Short sword       |    30 |       |       |       ||    30
       Unarmed           |    66 |    60 |   165 |   196 ||   487
       Punch             |       |       |     5 |    11 ||    16
Throw: Large rock        |    11 |    14 |    10 |   125 ||   160
       Dart              |     3 |    14 |   123 |    84 ||   224
       Boomerang         |       |       |       |   399 ||   399
       Throwing net      |       |       |       |     3 ||     3
       Javelin           |       |       |       |    15 ||    15
Invok: Heroism           |       |       |       |     1 ||     1
       Finesse           |       |       |       |     1 ||     1
Evoke: Wand              |       |       |     1 |       ||     1
  Use: Scroll            |       |       |       |     4 ||     4
 Stab: Sleeping          |       |     1 |       |     2 ||     3
       Distracted        |       |       |     1 |       ||     1
Armor: Robe              |    67 |    16 |    40 |   183 ||   306
Dodge: Dodged            |    85 |    28 |    46 |   193 ||   352
Block: Other             |       |     6 |    22 |    86 ||   114
       Reflection        |       |       |       |     4 ||     4
